 Dungeon Crawl Stone Soup version 0.27.1 (webtiles) character file.

Game seed: 2063125153359747972

2199 Gwenloh the Chopper (level 9, -14/73 HPs)
             Began as a Palentonga Fighter on Aug 29, 2021.
             Was a Believer of Qazlal.
             Demolished by Joseph (16 damage)
             ... on level 7 of the Dungeon.
             The game lasted 00:27:06 (7217 turns).

Gwenloh the Chopper (Palentonga Fighter)            Turns: 7217, Time: 00:27:06

Health: -14/73     AC: 15    Str: 21    XL:     9   Next: 12%
Magic:  12/12      EV:  6    Int:  8    God:    Qazlal [**....]
Gold:   388        SH: 13    Dex: 12    Spells: 8/8 levels left

rFire    + + .     SeeInvis +   a - +4 war axe (spect)
rCold    . . .     Faith    .   c - +0 kite shield
rNeg     . . .     Spirit   .   h - +0 scale mail
rPois    .         Reflect  .   r - +0 helmet
rElec    .         Harm     .   (no cloak)
rCorr    .         Rampage  .   (no gloves)
Will     .....                  (no barding)
Stlth    ..........             (no amulet)
HPRegen  0.22/turn              t - ring of protection from fire
MPRegen  0.13/turn              x - ring of protection from fire

@: curled up
A: large, rugged brown scales 3, see invisible, deformed body, roll 1, armoured
tail, reflexive curl
a: Rolling Charge, Renounce Religion, Upheaval


You were on level 7 of the Dungeon.
You worshipped Qazlal.
Qazlal was pleased with you.
You visited 2 branches of the dungeon, and saw 8 of its levels.
You also visited: Sewer.

You collected 388 gold pieces.

Inventory:

Hand Weapons
 a - a +4 spectral war axe (weapon)
 b - the +7 hunting sling of Offence {vorpal, Str-2 Dex+3 Stlth+}
   (You found it on level 4 of the Dungeon)

   Any ammunition fired from it inflicts extra damage upon your enemies.
   Str:       It affects your strength (-2).
   Dex:       It affects your dexterity (+3).
   Stlth:     It makes you more stealthy.
Missiles
 f - 184 stones
 l - 29 poisoned darts (quivered)
 B - 3 silver javelins
 C - 15 bolts
 D - 19 sling bullets
Armour
 c - a +0 kite shield (worn)
 h - a +0 scale mail (worn)
 r - a +0 helmet (worn)
Jewellery
 t - a ring of protection from fire (left hand)
 x - a ring of protection from fire (right hand)
Wands
 g - a wand of flame (22)
Scrolls
 j - a scroll of fog
 n - 4 scrolls of teleportation
 o - 2 scrolls of holy word {unknown}
 s - a scroll of acquirement {unknown}
 u - a scroll of enchant armour {unknown}
 v - a scroll of silence {unknown}
 w - a scroll of torment {unknown}
 y - 3 scrolls of identify
 z - 2 scrolls of noise {unknown}
 E - a scroll of magic mapping
Potions
 d - a potion of might
 e - a potion of cancellation {unknown}
 i - a potion of ambrosia {unknown}
 k - 4 potions of brilliance {unknown}
 m - a potion of heal wounds {unknown}
 p - a potion of curing {unknown}
 q - 4 potions of haste {unknown}
 A - a potion of berserk rage {unknown}


   Skills:
 + Level 6.1 Fighting
 * Level 7.9 Axes
 - Level 3.4 Armour
 + Level 5.1 Shields
 + Level 4.7 Invocations


You had 8 spell levels left.
You didn't know any spells.
Your spell library contained the following spells:

 Spells                   Type           Power      Damage    Failure   Level
 Animate Skeleton         Necr           0%         N/A       95%         1
 Apportation              Tloc           0%         N/A       95%         1
 Corona                   Hex            0%         N/A       95%         1
 Summon Small Mammal      Summ           0%         N/A       95%         1
 Gell's Gravitas          Tloc           0%         N/A       100%        3
 Teleport Other           Tloc           0%         N/A       100%        3
 Summon Lightning Spire   Summ/Air       0%         N/A       100%        4
 Dispersal                Tloc           0%         N/A       100%        6
 Storm Form               Tmut/Air       0%         N/A       100%        7
 Maxwell's Capacitive Co  Air            0%         ∞         100%        8


Dungeon Overview and Level Annotations

Branches:
Dungeon (7/15)             Temple (1/1) D:4           Sewer (visited)

Altars:
Ashenzari
Dithmenos
Fedhas
Gozag
Hepliaklqana
Kikubaaqudgha
Makhleb
Nemelex Xobeh
Okawaru
Qazlal
Sif Muna
Trog
Uskayaw
Vehumet
Wu Jian
Xom
Zin
The Shining One

Shops:
D:3 [

Annotations:
D:7 Joseph


Innate Abilities, Weirdness & Mutations

You are completely covered in rugged brown scales. (AC +3, +7% HP)
You have supernaturally acute eyesight. (SInv)
Armour fits poorly on your strangely shaped body.
You can roll at nearby foes to attack.
You have a long armoured tail.
You curl defensively after being hit.


Message History

Press: ? - help, Dir - move target, f/p - Joseph
Aim: Joseph, wielding a +0 hunting sling, wearing a +3 ring mail of cold resistance and quivering sling bullets You roll forward with a clatter of scales!
You cut Joseph into ribbons!!!
Joseph is severely wounded.
Joseph unwields a +0 hunting sling.
Joseph wields a +0 quarterstaff.
Joseph hits you with a +0 quarterstaff!
You closely miss Joseph.
Joseph is severely wounded.
You block Joseph's attack.
You completely miss Joseph.
Joseph is severely wounded.
Joseph shouts, "I love to fight!
I love killing!"
Joseph hits you with a +0 quarterstaff! You block Joseph's attack.
Your scale mail prevents you from hitting Joseph.
Joseph is severely wounded.
Joseph hits you with a +0 quarterstaff!
You barely miss Joseph.
Your tail-slap misses Joseph.
Joseph is severely wounded.
Joseph hits you with a +0 quarterstaff!
Joseph unwields a +0 quarterstaff.
Joseph wields a +0 hunting sling.
Joseph shoots a sling bullet.
You block the sling bullet.
Joseph unwields a +0 hunting sling.
Joseph wields a +0 quarterstaff.
Joseph hits you with a +0 quarterstaff!
* * * LOW HITPOINT WARNING * * *
You slash Joseph!
Your tail-slap misses Joseph.
Joseph is severely wounded.
Joseph hits you with a +0 quarterstaff!
* * * LOW HITPOINT WARNING * * *
You barely miss Joseph.
Joseph is severely wounded.
Joseph hits you with a +0 quarterstaff.
* * * LOW HITPOINT WARNING * * *
You hit Joseph.
Your tail-slap misses Joseph.
Joseph is severely wounded.
You block Joseph's attack.
You slash Joseph! You tail-slap Joseph, but do no damage.
Joseph is almost dead.
Joseph hits you with a +0 quarterstaff!
You die...

..###. ###........
....#.# #..........#
....... #...........#
....... ##...........#
.......## ##...........#
........### #...........#
......#...####..........#
....# ###.)##..........#
..# ###@@○........# #
###........## ###....###
##...##########
#.............
##............
#.#######.... #.# #####
###


You could see Joseph.

Vanquished Creatures
  Grinder (D:4)
  A water moccasin (D:7)
  An ogre (D:7)
  A centaur (D:7)
  A phantom (D:5)
  2 kobold brigands
  A gnoll sergeant (D:6)
  3 scorpions
  5 wyvern skeletons
  5 killer bees (D:7)
  3 wights (D:6)
  A water moccasin skeleton (D:3)
  A howler monkey (D:5)
  5 orc priests
  A hound (D:6)
  A jelly (D:6)
  2 iguanas
  Ijyb (D:4)
  3 orc wizards (D:7)
  A hound skeleton (D:4)
  Robin (D:4)
  4 gnolls (D:6)
  6 adders
  A white imp (D:6)
  2 dart slugs
  22 orcs
  6 ball pythons
  3 endoplasms
  5 giant cockroaches
  13 goblins
  9 hobgoblins
  7 jackals
  8 quokkas
  3 bats
  6 frilled lizards
  25 kobolds
  5 rats
166 creatures vanquished.

Vanquished Creatures (others)
  A fungus (D:1)
  30 plants
31 creatures vanquished.

Grand Total: 197 creatures vanquished

Notes
Turn   | Place    | Note
-------+----------+-------------------------------------------
     0 | D:1      | Gwenloh the Palentonga Fighter began the quest for the Orb.
     0 | D:1      | Reached XP level 1. HP: 19/19 MP: 1/1
   148 | D:1      | Reached XP level 2. HP: 25/25 MP: 2/2
   691 | D:1      | Found a faded altar of an unknown god.
  1054 | D:2      | Reached XP level 3. HP: 31/31 MP: 3/3
  1456 | D:3      | Found Fozont's Antique Armour Boutique.
  1581 | D:3      | Reached skill level 3 in Axes
  1986 | D:3      | Reached XP level 4. HP: 31/37 MP: 4/4
  2288 | D:4      | Noticed Ijyb
  2335 | D:4      | Noticed Grinder
  2575 | D:4      | Killed Ijyb
  2576 | D:4      | Reached XP level 5. HP: 38/44 MP: 5/5
  2709 | D:4      | Killed Grinder
  2710 | D:4      | Reached skill level 4 in Axes
  2710 | D:4      | Reached XP level 6. HP: 42/51 MP: 6/6
  2912 | D:4      | Noticed Robin
  3209 | D:4      | Found a staircase to the Ecumenical Temple.
  3221 | Temple   | Entered the Ecumenical Temple
  3440 | Temple   | Became a worshipper of Qazlal Stormbringer
  3475 | D:4      | Identified the +7 hunting sling of Offence {vorpal, Str-2
                  | Dex+3 Stlth+}
  3710 | D:4      | Killed Robin
  3832 | D:5      | Entered Level 5 of the Dungeon
  3917 | D:5      | Found a glowing drain.
  3921 | Sewer    | Entered a sewer
  4280 | Sewer    | Reached skill level 1 in Invocations
  4330 | Sewer    | Reached * piety under Qazlal
  4762 | D:5      | Found a large runed translucent door.
  4763 | D:5      | Found a large runed translucent door.
  4787 | D:5      | Reached skill level 5 in Axes
  4787 | D:5      | Gained mutation: You curl defensively after being hit.
                  | [Palentonga growth]
  4787 | D:5      | Reached XP level 7. HP: 53/58 MP: 7/7
  5042 | D:5      | Found a sparkling altar of Nemelex Xobeh.
  5042 | D:5      | Found an opulent altar of Gozag.
  5265 | D:5      | Noticed a komodo dragon
  5497 | D:5      | Found a broken altar of Ashenzari.
  5502 | D:5      | Found a glowing silver altar of Zin.
  5737 | D:6      | Found a blossoming altar of Fedhas.
  5783 | D:6      | Reached skill level 6 in Axes
  5844 | D:6      | Reached skill level 5 in Fighting
  5855 | D:6      | Reached XP level 8. HP: 53/65 MP: 10/10
  6034 | D:6      | Identified the +7 whip of Karma {flame, rElec Will+}
  6247 | D:6      | Reached ** piety under Qazlal
  6586 | D:7      | Reached skill level 7 in Axes
  6787 | D:7      | Reached skill level 5 in Shields
  6789 | D:7      | Reached XP level 9. HP: 46/73 MP: 12/12
  7007 | D:7      | Identified the +3 halberd of Doom {vamp, rPois}
  7192 | D:7      | Noticed Joseph
  7215 | D:7      | HP: 2/73 [Joseph (5)]
  7217 | D:7      | Demolished by Joseph

Illustrated notes

Levels and vault maps discovered:
D:1:      shiori_arrival_elements, layout_basic,
          shapermc_ecumenical_altar_hornbeckon
D:2:      layout_basic
D:3:      layout_rooms, serial_shops, shop, nrook_mini_vaults
D:4:      layout_basic, minmay_temple_entry_grid, uniq_robin, uniq_ijyb,
          uniq_grinder
D:5:      layout_loops_ring, grunt_temple_overflow_opulence,
          jmf_multi_god_temple2, gup_sewer_entry_bowl, lightli_corner_chamber
D:6:      layout_basic, nicolae_overflow_hidden_temple
D:7:      layout_cave_pods, lemuel_coloured_pillars_altar, lemuel_old_faithful,
          uniq_joseph
Temple:   nicolae_temple_figure_eight

Skill      XL: |  1  2  3  4  5  6  7  8 |
---------------+-------------------------+-----
Axes           | 3 4 5 6 7 |  7.9
Armour         | 3 |  3.4
Shields        | 3 4 5 |  5.1
Fighting       | 4 5 6 |  6.1
Invocations    | 1 2 4 |  4.7

Action                   |  1- 3 |  4- 6 |  7- 9 || total
-------------------------+-------+-------+-------++-------
Melee: War axe           |   102 |    85 |    72 ||   259
       Tailslap          |     7 |    13 |    12 ||    32
 Fire: Hunting sling     |    25 |    56 |    86 ||   167
Throw: Stone             |     1 |       |       ||     1
       Dart              |     7 |     8 |       ||    15
 Abil: Rolling Charge    |    21 |    12 |    13 ||    46
  Use: Scroll            |       |    10 |     1 ||    11
 Stab: Distracted        |       |     1 |       ||     1
Armor: Scale mail        |    38 |    25 |    20 ||    83
Dodge: Dodged            |    30 |    12 |    17 ||    59
Block: Kite shield       |    50 |    36 |    59 ||   145
